 Dungeon Crawl Stone Soup version 0.30-a0-373-gd37427bb62 (webtiles) character file.

Game seed: 14626327756380926596

55 kiwi3s the Magician (level 3, -1/19 HPs)
             Began as a Deep Elf Venom Mage on Nov 23, 2022.
             Succumbed to Terence's poison
             ... on level 2 of the Dungeon.
             The game lasted 00:05:46 (1768 turns).

kiwi3s the Magician (Deep Elf Venom Mage)           Turns: 1768, Time: 00:05:47

Health: -1/19      AC:  4    Str:  5    XL:     3   Next: 67%
Magic:  5/10       EV: 13    Int: 21    God:
Gold:   103        SH:  0    Dex: 15    Spells: 8/9 levels left

rFire   . . .      SeeInvis .    (no weapon)
rCold   . . .      Faith    .    (no shield)
rNeg    . . .      Spirit   .    a - +0 robe
rPois   .          Reflect  .    (no helmet)
rElec   .          Harm     .    h - +1 cloak
rCorr   .          Rampage  .    (no gloves)
Will    .....                    (no boots)
Stlth   ++........               (no amulet)
HPRegen 0.23/turn                (no ring)
MPRegen 0.12/turn                (no ring)

@: lethally poisoned (-1 -> -11)
A: no striking features
a: no special abilities


You were on level 2 of the Dungeon.
You visited 1 branch of the dungeon, and saw 2 of its levels.

You collected 103 gold pieces.

Inventory:

Armour
 a - a +0 robe (worn)
 h - a +1 cloak (worn)
Jewellery
 i - a ring of protection from cold
Potions
 b - a potion of magic
 c - a potion of ambrosia {unknown}
 d - a potion of attraction {unknown}
 e - a potion of haste {unknown}
 f - a potion of might {unknown}
 g - 2 potions of curing {unknown}


   Skills:
 + Level 2.9 Dodging
 + Level 2.7 Stealth
 + Level 3.9 Spellcasting
 + Level 2.3 Transmutations
 + Level 3.6 Poison Magic


You had 8 spell levels left.
You knew the following spells:

 Your Spells              Type           Power      Damage    Failure   Level
a - Sting                 Tmut/Pois      64%        1d6       3%          1

Your spell library contained the following spells:

 Spells                   Type           Power      Damage    Failure   Level
 Poisonous Vapours        Pois/Air       22%        N/A       9%          2
 Scorch                   Fire           8%         2d5       19%         2
 Mephitic Cloud           Conj/Pois/Air  9%         N/A       22%         3
 Olgreb's Toxic Radiance  Pois           19%        N/A       26%         4
 Flame Wave               Conj/Fire      4%         2d5       77%         4
 Summon Cactus Giant      Summ           2%         N/A       100%        6


Dungeon Overview and Level Annotations

Branches:
Dungeon (2/15)

Altars:

Shops:
D:1 =

Annotations:
D:2 Terence


Message History

Terence the Incautious comes into view.
He is wielding a +0 trident of venom and carrying a wand of roots (7).
Terence shouts!
The sting hits the quokka but does no damage.
The quokka is poisoned.
Terence zaps a wand.
The roots erupt in riotous growth!
The grasping roots grab you!
The quokka is unaffected.
The grasping roots constrict you.
The sting hits the quokka.
The quokka looks even sicker.
The quokka is severely wounded.
The quokka bites you but does no damage.
The grasping roots constrict you.
The sting hits the quokka but does no damage.
The quokka looks even sicker.
The quokka is severely wounded.
The quokka closely misses you. The grasping roots constrict you.
The grasping roots release their grip on you.
Aiming: Sting (safe; 3% risk of failure)
Press: ? - help, Q - select action Shift-Dir - straight line, f - Terence, p - quokka
Aim: Terence, wielding a +0 trident of venom, wearing a +0 ring mail and carrying a wand of roots (6) (77% to hit)
The sting hits Terence.
Terence is poisoned.
Terence is lightly wounded.
You kill the quokka!
Terence screams, "I'm going to kill you!"
Terence zaps a wand.
The roots erupt in riotous growth!
The grasping roots grab you! The grasping roots constrict you.
You escape the roots grasp.
Aiming: Sting (safe; 3% risk of failure)
Press: ? - help, Q - select action Shift-Dir - straight line, f/p - Terence
Aim: Terence, wielding a +0 trident of venom, wearing a +0 ring mail and carrying a wand of roots (5) (moderately wounded, poisoned, 77% to hit)
The sting misses Terence.
Terence closely misses you.
Aiming: Sting (safe; 3% risk of failure)
Press: ? - help, Q - select action Shift-Dir - straight line, f/p - Terence
Aim: Terence, wielding a +0 trident of venom, wearing a +0 ring mail and carrying a wand of roots (5) (moderately wounded, poisoned, 77% to hit)
The sting hits Terence.
Terence looks even sicker.
Terence is heavily wounded.
Terence hits you from afar with a +0 trident of venom.
* * * LOW HITPOINT WARNING * * *
You are lethally poisoned!
You die...

########....... ######
######.....##....... ......
#>..##.....##..(....
......##....'.....##.......
.........#.##[...)##.......
.......#....#......#.......
.......##+#.#.......#######
............#.....#..†..#
......†@..@.###########.###
....$.....>.# #....
......##....# ##### ######
#.##..# ##### #.###...
...... #.. ...# #.#### ###
##.# #. .. #. #.


You could see Terence (very poisoned).

Vanquished Creatures
  Robin (D:2)
  A worm (D:2)
  2 ball pythons
  4 bats
  2 endoplasms (D:1)
  2 giant cockroaches
  4 hobgoblins (D:1)
  2 jackals (D:2)
  3 kobolds (D:1)
  2 quokkas
  3 frilled lizards (D:1)
  7 goblins
  4 rats (D:2)
37 creatures vanquished.

Vanquished Creatures (others)
  7 plants (D:1)
7 creatures vanquished.

Grand Total: 44 creatures vanquished

Notes
Turn   | Place    | Note
-------+----------+-------------------------------------------
     0 | D:1      | kiwi3s the Deep Elf Venom Mage began the quest for the Orb.
     0 | D:1      | Reached XP level 1. HP: 10/10 MP: 6/6
   343 | D:1      | Reached XP level 2. HP: 15/15 MP: 6/8
   622 | D:1      | Found Nojag's Jewellery Shoppe.
  1281 | D:2      | Reached XP level 3. HP: 19/19 MP: 8/10
  1344 | D:2      | Noticed Robin
  1537 | D:2      | Killed Robin
  1758 | D:2      | Noticed Terence
  1768 | D:2      | Succumbed to Terence's poison

Illustrated notes

Levels and vault maps discovered:
D:1:      nicolae_arrival_memento_mori, layout_basic, serial_shops,
          nicolae_shop_statue_plus, serial_bayou, serial_bayou_lagoon_a,
          serial_bayou_shore_b, serial_bayou_ford_a, serial_bayou_shore_b
D:2:      layout_basic, uniq_terence, uniq_robin

Skill      XL: |  1  2  3 |
---------------+----------+-----
Transmutations | 2 |  2.3
Dodging        | |  2.9
Stealth        | |  2.7
Spellcasting   | |  3.9
Poison Magic   | |  3.6

Action                   || total
-------------------------++-------
Melee: Unarmed           ||    17
 Cast: Sting             ||    78
Armor: Robe              ||    19
Dodge: Dodged            ||    32

Table legend: (Time is in decaauts)
 A = Elapsed time spent in this place.
 B = Non-inter-level travel time spent in this place.
 C = Inter-level travel time spent in this place.
 D = Time resting spent in this place.
 E = Time spent auto-exploring this place.
 F = Levels seen in this place.
 G = Mean time per level.
                   A        B        C        D        E       F      G
               +--------+--------+--------+--------+--------+-----+--------+
         Total |   1784 |   1750 |     34 |    121 |   1391 |   2 |  892.0 |
       Dungeon |   1784 |   1750 |     34 |    121 |   1391 |   2 |  892.0 |
               +--------+--------+--------+--------+--------+-----+--------+

Top non-repeatable levels by time:
     D:1: 1255 daAuts
     D:2: 528 daAuts
